 Dungeon Crawl Stone Soup version 0.31.0-11-ge490571c62 (webtiles) character file.

Game seed: 866025133154935603

1491 qw the Nimble (level 8, -2/40 HPs)
             Began as a Spriggan Hunter on Feb 5, 2024.
             Was an Initiate of Okawaru.
             Slain by an orc warrior
             ... wielding a +0 glaive
              (21 damage)
             ... on level 6 of the Dungeon.
             The game lasted 00:00:44 (3803 turns).

qw the Nimble (Spriggan Hunter)                     Turns: 3803, Time: 00:00:45

Health: -2/40      AC:  3    Str: 11    XL:     8   Next: 51%
Magic:  9/9        EV: 25    Int:  9    God:    Okawaru [......]
Gold:   54         SH:  0    Dex: 22    Spells: 7/7 levels left

rFire   . . .        i - +3 orcbow of the Butterfly {heavy, rC+ rN+ rCorr}
rCold   + . .        (shield currently unavailable)
rNeg    + . .        c - +1 robe
rPois   .            (helmet restricted)
rElec   .            (no cloak)
rCorr   +            (gloves unavailable)
SInv    +            (boots unavailable)
Will    +....        n - amulet of the acrobat
Stlth   +++          (no ring)
HPRegen 1.06/turn    (no ring)
MPRegen 0.11/turn

%: acrobat
@: very quick
A: very small, no large weapons, unfitting armour, see invisible, speed 3, thin
skeletal structure 1, regeneration 1, strong 1
a: Renounce Religion


You were on level 6 of the Dungeon.
You worshipped Okawaru.
Okawaru was noncommittal.
You visited 1 branch of the dungeon, and saw 6 of its levels.
You also visited: Ossuary.

You collected 414 gold pieces.
You spent 360 gold pieces at shops.


Innate Abilities, Weirdness & Mutations

You are very small and have problems with some larger weapons.
You are too small for most types of armour.
You have supernaturally acute eyesight. (SInv)
You cover ground extremely quickly. (Speed+++)
You have a somewhat thin skeletal structure. (Dex +2, Stealth+)
Your natural rate of healing is unusually fast.
Your muscles are strong. (Str +4, Int/Dex -1)


   Skills:
 - Level 3.2 Fighting
 + Level 8.5 Ranged Weapons
 - Level 9.2 Dodging
 - Level 1.5 Stealth


You had 7 spell levels left.
You didn't know any spells.
Your spell library was empty.

Inventory:

Hand Weapons
 i - the +3 orcbow of the Butterfly (weapon) {heavy, rC+ rN+ rCorr}
   (You bought it in a shop on level 5 of the Dungeon)

   rC+:       It protects you from cold.
   rN+:       It protects you from negative energy.
   rCorr:     It protects you from acid and corrosion.
Armour
 c - a +1 robe (worn)
Jewellery
 n - an amulet of the acrobat (around neck)
Wands
 p - a wand of acid (7)
Potions
 a - 2 potions of haste
 d - 6 potions of curing
 f - 3 potions of heal wounds
 j - 3 potions of mutation
 l - 2 potions of enlightenment
 m - a potion of resistance

Dungeon Overview and Level Annotations

Branches:
Dungeon (6/15)            Ossuary (visited)
 Temple: D:4-7

Altars:
Dithmenos
Hepliaklqana
Okawaru
Xom

Shops:
D:1 :   D:5 **((


Message History

The arrow barely misses the orc warrior.
The orc warrior closely misses you.
The orc warrior hits you from afar with a +0 glaive!!
Ouch! That really hurt!
You shoot an arrow. The arrow hits the orc warrior.
The orc warrior is lightly wounded.
A white imp comes into view.
The orc warrior misses you.
The orc wizard points at you and mumbles some strange words.
The magic dart hits you.
The orc warrior hits you from afar with a +0 glaive!
3799 ||| DRINKING 5 potions of heal wounds.
You feel much better. The orc wizard casts a spell at you.
The puff of flame misses you.
The orc warrior hits you from afar with a +0 glaive!
You shoot an arrow. The arrow barely misses the orc wizard.
The arrow hits the white imp!!
You kill the white imp!
Okawaru accepts your kill. The orc warrior completely misses you.
The orc wizard completely misses you.
You shoot an arrow. The arrow barely misses the orc wizard.
The arrow hits the white imp!
You kill the white imp!
Okawaru accepts your kill. The orc warrior barely misses you.
The orc warrior hits you from afar with a +0 glaive!!
The orc wizard completely misses you.
An iguana comes into view.
The iguana hisses angrily.
3802 ||| DRINKING 4 potions of heal wounds.
You feel much better. The orc misses you. The orc wizard barely misses you.
The orc warrior hits you from afar with a +0 glaive!
You shoot an arrow. The arrow hits the orc wizard.
The orc wizard is lightly wounded.
The orc completely misses you.
The orc warrior hits you from afar with a +0 glaive!!
Ouch! That really hurt!
You die...

#####.......)...#..
..# #####..........
#.# #...######.#
#.# #...# .# # #
###...######. #
#.......##.. .
#.##.##.##.# ##
.........##l### #
.....#.....o@..#
##...###..##o#o#
.... ............
.....###.###.###...
##. .. ..# ##. ...
..# #.## #.. #. #.#


You could see an orc warrior, an iguana, an orc wizard and an orc.

Vanquished Creatures
  A water moccasin (D:6)
  An ice beast (D:5)
  A black bear (D:4)
  3 ogres
  Blork the orc (D:4)
  2 scorpions (D:4)
  4 crimson imps (D:4)
  A bombardier beetle (D:3)
  A gnoll bouda (D:4)
  3 hounds (D:5)
  A jelly (D:4)
  A sleepcap (D:6)
  Ijyb (D:5)
  3 iguanas
  An orc wizard (D:5)
  8 mummies (Ossuary)
  6 gnolls
  3 adders (D:5)
  2 white imps (D:6)
  2 ufetubi (D:5)
  3 dart slugs
  A ribbon worm (D:3)
  4 orcs
  5 bats
  6 endoplasms
  3 giant cockroaches
  7 goblins
  5 hobgoblins
  8 jackals
  8 kobolds
  2 quokkas
  4 ball pythons
  4 frilled lizards
  2 hobgoblin zombies (Ossuary)
  2 kobold zombies (Ossuary)
  4 orc zombies (Ossuary)
  5 rats
119 creatures vanquished.

Notes
Turn   | Place    | Note
-------+----------+-------------------------------------------
     0 | D:1      | qw the Spriggan Hunter began the quest for the Orb.
     0 | D:1      | Reached XP level 1. HP: 10/10 MP: 2/2
     0 | D:1      | 0 ||| qw: Version: 0.3-a-160-g6735b56
     0 | D:1      | 0 ||| qw: Game counter: 6224
     0 | D:1      | 0 ||| qw: Melee chars always use a shield: true
     0 | D:1      | 0 ||| qw: God list: Okawaru
     0 | D:1      | 0 ||| qw: Allow faded altars: false
     0 | D:1      | 0 ||| qw: Do Orc after clearing Dungeon:15 true
     0 | D:1      | 0 ||| qw: Do second Lair branch before Depths: true
     0 | D:1      | 0 ||| qw: Lair rune preference: random
     0 | D:1      | 0 ||| qw: Goals: Normal
     0 | D:1      | 0 ||| PLANNING D:1-11
    49 | D:1      | Reached skill level 3 in Dodging
    69 | D:1      | Reached XP level 2. HP: 14/14 MP: 3/3
   190 | D:1      | Reached skill level 4 in Dodging
   274 | D:1      | Found a faded altar of an unknown god.
   368 | D:1      | Found Wanol's Vocational Training.
   730 | D:1      | 730 ||| READING scroll labelled RUJESS LILOGEP.
   731 | D:1      | 731 ||| DRINKING 2 white potions.
   732 | D:1      | 732 ||| DROPPING scroll of butterflies.
   842 | D:2      | Reached XP level 3. HP: 18/18 MP: 4/4
  1322 | D:2      | 1322 ||| READING scroll labelled TYMPOL OR RAT.
  1323 | D:2      | 1323 ||| READING 2 scrolls labelled ONLECZ CUOMEH.
  1324 | D:2      | 1324 ||| READING scroll labelled GATARI TUJYBB.
  1325 | D:2      | 1325 ||| READING scroll labelled MEN HUCZURAI.
  1325 | D:2      | Identified a scroll of acquirement
  1325 | D:2      | 1325 ||| ACQUIRING +11 shortbow of Maerut {flame, rElec
                  | Dex-5 SInv Stlth-}
  1325 | D:2      | Acquired the +11 shortbow of Maerut {flame, rElec Dex-5
                  | SInv Stlth-}
  1327 | D:2      | 1327 ||| SWAPPING to +11 shortbow of Maerut {flame, rElec
                  | Dex-5 SInv Stlth-}.
  1328 | D:2      | 1328 ||| DROPPING +0 shortbow.
  1329 | D:2      | 1329 ||| DROPPING scroll of revelation.
  1629 | D:3      | Reached XP level 4. HP: 22/22 MP: 5/5
  1985 | D:4      | 1985 ||| PLANNING OSSUARY
  2007 | D:4      | Noticed a scorpion
  2008 | D:4      | Noticed a scorpion
  2009 | D:4      | Killed a scorpion
  2010 | D:4      | Reached skill level 6 in Ranged Weapons
  2010 | D:4      | Reached XP level 5. HP: 19/26 MP: 6/6
  2012 | D:4      | Reached skill level 5 in Dodging
  2183 | D:4      | Reached XP level 6. HP: 20/30 MP: 7/7
  2342 | D:4      | Found a shimmering altar of Xom.
  2414 | D:4      | Reached skill level 6 in Dodging
  2414 | D:4      | Reached XP level 7. HP: 35/35 MP: 8/8
  2469 | D:4      | Found a sand-covered staircase.
  2470 | D:4      | 2470 ||| READING scroll labelled ROCHAMU SAADA.
  2473 | D:4      | 2473 ||| READING scroll labelled VUTHEY FODYECW.
  2610 | Ossuary  | Entered an ossuary
  2758 | Ossuary  | 2758 ||| READING scroll labelled FIEKHA QICOUXY.
  2759 | Ossuary  | 2759 ||| DRINKING 4 brown potions.
  2760 | Ossuary  | 2760 ||| DRINKING 2 gluggy blue potions.
  2761 | Ossuary  | 2761 ||| DRINKING 3 orange potions.
  2761 | Ossuary  | Gained mutation: Your natural rate of healing is unusually
                  | fast. [potion of mutation]
  2761 | Ossuary  | Gained mutation: Your muscles are strong. (Str +4, Int/Dex
                  | -1) [potion of mutation]
  2761 | Ossuary  | Gained mutation: You have a somewhat thin skeletal
                  | structure. (Dex +2, Stealth+) [potion of mutation]
  2762 | Ossuary  | 2762 ||| DRINKING 2 fuming purple potions.
  2783 | Ossuary  | 2783 ||| DRINKING 2 viscous blue potions.
  2784 | Ossuary  | 2784 ||| DROPPING potion of attraction.
  2785 | Ossuary  | 2785 ||| DROPPING potion of lignification.
  2786 | Ossuary  | 2786 ||| DROPPING potion of magic.
  2812 | D:4      | 2812 ||| PLANNING D:1-11
  2887 | D:4      | Noticed Blork the orc
  2894 | D:4      | Killed Blork the orc
  2895 | D:4      | You fall into a shaft and drop 1 floor!
  2895 | D:5      | Entered Level 5 of the Dungeon
  3035 | D:4      | 3035 ||| READING scroll labelled QYJAIXANLU.
  3145 | D:5      | Reached skill level 3 in Fighting
  3215 | D:5      | Found Waur's General Store.
  3223 | D:5      | 3223 ||| BUYING potion of curing (39 gold).
  3223 | D:5      | Bought a potion of curing for 39 gold pieces
  3223 | D:5      | 3223 ||| BUYING potion of enlightenment (65 gold).
  3223 | D:5      | Bought a potion of enlightenment for 65 gold pieces
  3223 | D:5      | 3223 ||| BUYING scroll of identify (26 gold).
  3223 | D:5      | Bought a scroll of identify for 26 gold pieces
  3240 | D:5      | Found Onaititt's Antique Weapon Shoppe.
  3243 | D:5      | 3243 ||| BUYING ancient orcbow (212 gold).
  3243 | D:5      | Bought an ancient orcbow for 212 gold pieces
  3243 | D:5      | Identified the +3 orcbow of the Butterfly {heavy, rC+ rN+
                  | rCorr} (You bought it in a shop on level 5 of the Dungeon)
  3243 | D:5      | 3243 ||| SWAPPING to +3 orcbow of the Butterfly {heavy, rC+
                  | rN+ rCorr}.
  3244 | D:5      | 3244 ||| DROPPING +11 shortbow of Maerut {flame, rElec
                  | Dex-5 SInv Stlth-}.
  3342 | D:5      | Reached skill level 7 in Dodging
  3342 | D:5      | Reached XP level 8. HP: 35/40 MP: 9/9
  3349 | D:5      | Found a shadowy altar of Dithmenos.
  3358 | D:5      | Found Notu Fuib's Weapon Boutique.
  3412 | D:5      | Reached skill level 8 in Dodging
  3458 | D:5      | Found Tiyphol's Assorted Antiques.
  3477 | D:5      | 3477 ||| SHOPLISTING potion of curing (60 gold, have 49).
  3477 | D:5      | 3477 ||| SHOPLISTING scroll of teleportation (60 gold, have
                  | 49).
  3477 | D:5      | 3477 ||| BUYING yellow potion (18 gold).
  3477 | D:5      | Bought a yellow potion for 18 gold pieces
  3487 | D:5      | Noticed Ijyb
  3493 | D:5      | Killed Ijyb
  3544 | D:5      | Found an iron altar of Okawaru.
  3545 | D:5      | 3545 ||| PLANNING OKAWARU WORSHIP
  3545 | D:5      | 3545 ||| UPGRADING to amulet of the acrobat.
  3550 | D:5      | 3550 ||| READING 6 scrolls of identify.
  3550 | D:5      | 3550 ||| IDENTIFYING emerald potion
  3551 | D:5      | 3551 ||| READING 5 scrolls of identify.
  3551 | D:5      | 3551 ||| IDENTIFYING sedimented purple potion
  3552 | D:5      | 3552 ||| READING 4 scrolls of identify.
  3552 | D:5      | 3552 ||| IDENTIFYING sapphire potion
  3553 | D:5      | 3553 ||| READING 3 scrolls of identify.
  3553 | D:5      | 3553 ||| IDENTIFYING sedimented inky potion
  3554 | D:5      | 3554 ||| READING 2 scrolls of identify.
  3554 | D:5      | 3554 ||| IDENTIFYING 2 yellow potions
  3555 | D:5      | 3555 ||| READING scroll of identify.
  3555 | D:5      | 3555 ||| IDENTIFYING 2 dark potions
  3556 | D:5      | 3556 ||| READING scroll labelled GIKUVU YQOSHREY.
  3556 | D:5      | 3556 ||| ENCHANTING +0 robe.
  3557 | D:5      | 3557 ||| DROPPING potion of brilliance.
  3558 | D:5      | 3558 ||| DROPPING potion of invisibility.
  3559 | D:5      | 3559 ||| DROPPING 2 potions of degeneration.
  3560 | D:5      | 3560 ||| DROPPING potion of berserk rage.
  3569 | D:5      | Became a worshipper of Warmaster Okawaru
  3570 | D:5      | 3570 ||| PLANNING D:1-11
  3706 | D:6      | Reached skill level 9 in Dodging
  3758 | D:6      | Found a hazy altar of Hepliaklqana.
  3798 | D:6      | HP: 9/40 [orc warrior/+0 glaive (7)]
  3799 | D:6      | 3799 ||| DRINKING 5 potions of heal wounds.
  3801 | D:6      | HP: 4/40 [orc warrior/+0 glaive (18)]
  3802 | D:6      | 3802 ||| DRINKING 4 potions of heal wounds.
  3803 | D:6      | Slain by an orc warrior

Levels and vault maps discovered:
D:1:      wheals_arrival_linesprint, layout_loops_ring, basic_ecumenical_altar,
          nicolae_shop_vocational
D:2:      layout_basic
D:3:      layout_loops_ring
D:4:      layout_gridville, led_xom_imps, nicolae_ossuary_entry_plus,
          grunt_ministairs_10, uniq_blork_the_orc
D:5:      layout_rooms, lemuel_crystal_altar, kennysheep_okawaru_gauntlet,
          serial_shops, kennysheep_mini, shop, nicolae_shop_overgrown_old_shop,
          nicolae_diamond_shop, uniq_ijyb
D:6:      layout_loops_cross, mainiacjoe_overflow_boulevard, minmay_shop_mass

Skill      XL: |  1  2  3  4  5  6  7  8 |
---------------+-------------------------+-----
Dodging        | 3 4 5 6 7 9 |  9.2
Ranged Weapons | 5 6 7 8 |  8.5
Fighting       | 2 3 |  3.2
Stealth        | |  1.5

Action                     |  1- 3 |  4- 6 |  7- 9 || total
---------------------------+-------+-------+-------++-------
   Fire: Shortbow          |   101 |    54 |    68 ||   223
         Orcbow            |       |       |    58 ||    58
    Use: Scroll            |     5 |       |    11 ||    16
         Potion            |     1 |       |     7 ||     8
 Armour: Robe              |     4 |     7 |    16 ||    27
  Dodge: Dodged            |    22 |    28 |    50 ||   100

Table legend:
 A = Non-vault XP
 B = Vault XP
 C = Vault XP percentage of total XP
 D = Non-vault monster count
 E = Vault monster count
 F = Vault count percentage of total count
                 A         B        C        D         E       F
            +---------+---------+-------+---------+---------+-------
      Total |    1649 |     482 |  22.6 |      93 |      26 |  21.8
            +---------+---------+-------+---------+---------+-------
        D:1 |      40 |       0 |   0.0 |      22 |       0 |   0.0
        D:2 |      12 |       0 |   0.0 |       7 |       0 |   0.0
        D:3 |     123 |       0 |   0.0 |      21 |       0 |   0.0
        D:4 |     421 |     289 |  40.7 |      12 |       7 |  36.8
        D:5 |     681 |      41 |   5.7 |      24 |       3 |  11.1
        D:6 |     372 |       0 |   0.0 |       7 |       0 |   0.0
    Ossuary |       0 |     152 | 100.0 |       0 |      16 | 100.0
            +---------+---------+-------+---------+---------+-------
